 Dungeon Crawl Stone Soup version 0.29-a0-320-g9f8742066b (webtiles) character file.

Game seed: 17431911960499986474

334 spaghetti the Ruffian (level 6, 0/75 HPs)
             Began as a Demigod Fighter on Apr 2, 2022.
             Slain by a human zombie (5 damage)
             ... in an ossuary.
             The game lasted 00:05:17 (2998 turns).

spaghetti the Ruffian (Demigod Fighter)             Turns: 2998, Time: 00:05:17

Health: 0/75       AC: 23    Str: 25      XL:     6   Next: 6%
Magic:  8/8        EV:  2    Int: 10      God:
Gold:   98         SH:  4    Dex: 10 (13) Spells: 5/5 levels left

rFire   + . .      SeeInvis .     - Unarmed
rCold   + . .      Faith    .   b - +0 buckler
rNeg    . . .      Spirit   .   (body armour currently unavailable)
rPois   +          Reflect  .   (helmet currently unavailable)
rElec   +          Harm     .   (cloak currently unavailable)
rCorr   +          Rampage  .   (gloves currently unavailable)
Will    .....      NoTele   +   (boots currently unavailable)
Stlth   +.........              (no amulet)
HPRegen 0.22/turn               (no ring)
MPRegen 0.11/turn               (no ring)

@: mighty, brilliant, tree-form, resistant, marked
A: stationary, stasis, torment immunity, boosted hp, high MP 1, forlorn, divine
attributes
a: no special abilities


You were in an ossuary.
You were a tree.
You visited 1 branch of the dungeon, and saw 5 of its levels.
You also visited: Ossuary.

You collected 122 gold pieces.
You spent 24 gold pieces at shops.


Innate Abilities, Weirdness & Mutations

You are a tree.
Your roots penetrate the ground, keeping you stationary.
You cannot be teleported.
You are immune to unholy pain and torment.
Your maximum health is greatly increased.
Your equipment is partially melded.
You have an increased reservoir of magic. (+10% MP)
You shall have no god before yourself.
Your divine heritage dramatically boosts your attributes as you level up.


   Skills:
 - Level 2.6 Fighting
 - Level 2.6 Armour
 - Level 2.6 Shields
 + Level 6.1 Unarmed Combat


You had 5 spell levels left.
You didn't know any spells.
Your spell library contained the following spells:

 Spells                   Type           Power      Damage    Failure   Level
 Foxfire                  Conj/Fire      0%         2x1d4     45%         1
 Sting                    Tmut/Pois      0%         1d3       45%         1
 Poisonous Vapours        Pois/Air       0%         N/A       58%         2
 Call Canine Familiar     Summ           0%         N/A       83%         3
 Conjure Flame            Conj/Fire      0%         6-21      83%         3
 Gell's Gravitas          Tloc           0%         N/A       83%         3
 Inner Flame              Hex/Fire       0%         N/A       83%         3
 Portal Projectile        Hex/Tloc       0%         N/A       83%         3
 Teleport Other           Tloc           0%         N/A       83%         3
 Flame Wave               Conj/Fire      0%         2d4       99%         4
 Leda's Liquefaction      Hex/Erth       0%         N/A       99%         4
 Olgreb's Toxic Radiance  Pois           0%         N/A       99%         4
 Dispersal                Tloc           0%         N/A       100%        6

Inventory:

Hand Weapons
 f - a +0 hunting sling {sling}
   (You found it on level 1 of the Dungeon)
 g - a +0 mace {mace}
   (You found it on level 1 of the Dungeon)
 h - a +0 dagger {short}
   (You took it off a goblin on level 1 of the Dungeon)
 i - a +0 dagger {short}
   (You took it off a kobold on level 1 of the Dungeon)
Missiles
 d - 151 stones (quivered) {throwing}
 x - 6 javelins {throwing}
Armour
 a - a +0 scale mail (melded)
 b - a +0 buckler (worn)
 n - a +0 cloak (melded)
   (You found it on level 2 of the Dungeon)
Jewellery
 o - a ring of positive energy
   (You found it on level 2 of the Dungeon)
Wands
 v - a wand of paralysis (8)
   (You found it on level 5 of the Dungeon)
Scrolls
 k - 4 scrolls of teleportation {@r4}
 l - 2 scrolls of blinking {!r}
 p - a scroll of torment {!r}
 r - a scroll of silence {!r}
 t - 2 scrolls of fog
Potions
 m - a potion of lignification {!q}

Dungeon Overview and Level Annotations

Branches:
Dungeon (5/15)            Ossuary (1/1)
 Temple: D:4-7

Shops:
D:2

? #...# #...# #...#
#...#. #...# #...#
....'####...# #...#
#.∩.....#...# #...#
#.......#...# #...#
#.......#...#
#...#(####.......#...#
#...#...ZZ.......#...#
#...# #♣.# #...# #...#
#.^# #...# #...# #..#
#...#
#...######.^######...#
#....................#
#........8..8........#
#....................#
#....................#
######################


You could see a rat zombie and a human zombie.


Message History

😱 HP[+1]
You smack the kobold zombie!
You destroy the kobold zombie!
The jackal zombie bites you but does no damage.
The kobold zombie hits you but does no damage.
The jackal zombie bites you but does no damage.
You pummel the elf zombie!!
The elf zombie hits you but does no damage.
The jackal zombie bites you but does no damage.
You smack the elf zombie!
The kobold zombie hits you but does no damage.
The elf zombie completely misses you.
You block the hobgoblin zombie's attack.
The jackal zombie bites you but does no damage.
You smack the elf zombie!
The jackal zombie barely misses you.
The kobold zombie hits you but does no damage.
The hobgoblin zombie hits you.
* * * LOW HITPOINT WARNING * * *
The elf zombie hits you but does no damage. 😱 HP[-2]
You take 2 damage, and now have 6/63 hp.
You pummel the elf zombie!!
You destroy the elf zombie!
The jackal zombie bites you but does no damage.
The kobold zombie hits you but does no damage.
You feel your strength returning.
You feel your intelligence returning. 😱 HP[+1]
You smack the hobgoblin zombie!
You destroy the hobgoblin zombie!
The jackal zombie bites you but does no damage.
The kobold zombie hits you but does no damage.
You pummel the hobgoblin zombie!!
You destroy the hobgoblin zombie!
The jackal zombie bites you but does no damage.
The kobold zombie hits you but does no damage.
You hit the kobold zombie.
The kobold zombie hits you but does no damage.
The jackal zombie bites you.
* * * LOW HITPOINT WARNING * * *
The kobold zombie hits you but does no damage. 😱 HP[-1]
You take 1 damage, and now have 6/63 hp.
You pummel the kobold zombie!!
You destroy the kobold zombie!
The jackal zombie bites you but does no damage.
The orc zombie hits you but does no damage.
The centaur zombie hits you but does no damage.
The centaur zombie kicks you but does no damage.
The kobold zombie hits you but does no damage.
You smack the orc zombie!
You destroy the orc zombie!
The jackal zombie bites you but does no damage.
The centaur zombie hits you but does no damage.
The centaur zombie kicks you but does no damage.
The jackal zombie bites you but does no damage. 😱 HP[+1]
You pummel the orc zombie!!
You destroy the orc zombie!
The kobold zombie hits you.
* * * LOW HITPOINT WARNING * * *
The centaur zombie hits you but does no damage.
You block the centaur zombie's attack.
The jackal zombie bites you but does no damage. 😱 HP[-1]
You take 1 damage, and now have 6/63 hp.
You pummel the centaur zombie!!
The centaur zombie hits you but does no damage.
You block the centaur zombie's attack.
The kobold zombie hits you but does no damage.
The jackal zombie bites you but does no damage.
You pummel the centaur zombie!!
You destroy the centaur zombie!
The jackal zombie bites you but does no damage.
The kobold zombie completely misses you.
You feel your strength returning.
Your Unarmed Combat skill increases to level 6!
You smack the jackal zombie!
The jackal zombie bites you but does no damage.
You smack the jackal zombie!
You destroy the jackal zombie!
The kobold zombie hits you but does no damage.
You pummel the kobold zombie!!
You destroy the kobold zombie! 😱 HP[+1]
You smack the human zombie!
The human zombie hits you.
* * * LOW HITPOINT WARNING * * *
😱 HP[-3]
You take 3 damage, and now have 4/63 hp.
You pummel the human zombie!! You pummel the human zombie!!
You destroy the human zombie!
You have reached level 6!
Your experience leads to a dramatic increase in your attributes!
Your base attributes are Str 21, Int 10, Dex 13.
Increase (S)trength, (I)ntelligence, or (D)exterity?
You feel stronger. x4 😱 HP[+1] MP[+1]
You now have 75 max hp (+12).
Your mp is fully restored (8).
You smack the human zombie!
The human zombie hits you.
You die...

Skill      XL: |  1  2  3  4  5 |
---------------+----------------+-----
Unarmed Combat | 2 3 4 5 6 |  6.1
Fighting       | |  2.6
Armour         | |  2.6
Shields        | |  2.6

Action                   |  1- 3 |  4- 6 || total
-------------------------+-------+-------++-------
Melee: Unarmed           |   189 |   159 ||   348
Throw: Stone             |    71 |   108 ||   179
  Use: Scroll            |     3 |     3 ||     6
       Potion            |       |     7 ||     7
Armor: Scale mail        |    75 |    80 ||   155
       Skin              |       |    62 ||    62
Dodge: Dodged            |    73 |    65 ||   138
Block: Buckler           |    38 |    36 ||    74

Levels and vault maps discovered:
D:1:      heliophobic_arrival_henge, layout_loops_corners,
          ebering_ecumenical_altar_rust
D:2:      layout_loops_ring, serial_shops, shop, minivault_25,
          minmay_tetromino_t4
D:3:      layout_basic, grunt_ministairs_14, grunt_decor_fettered, uniq_natasha
D:4:      layout_basic, uniq_pikel
D:5:      layout_loops_cross, nicolae_ossuary_entry_giza, uniq_grinder
Ossuary:  ossuary_tomb_1

Notes
Turn   | Place    | Note
-------+----------+-------------------------------------------
     0 | D:1      | spaghetti the Demigod Fighter began the quest for the Orb.
     0 | D:1      | Reached XP level 1. HP: 18/18 MP: 3/3
     0 | D:1      | magus.rc [v1.9.6]
     2 | D:1      | You pick up a book of Flames and begin reading...
     2 | D:1      | You add the spells Foxfire, Conjure Flame, Inner Flame and
                  | Flame Wave to your library.
    85 | D:1      | Reached skill level 2 in Unarmed Combat
   386 | D:1      | Reached XP level 2. HP: 25/25 MP: 4/4
   493 | D:1      | You add the spells Sting, Poisonous Vapours and Olgreb's
                  | Toxic Radiance to your library.
   791 | D:1      | Reached skill level 3 in Unarmed Combat
  1428 | D:2      | Reached XP level 3. HP: 30/30 MP: 5/5
  1458 | D:2      | You add the spells Gell's Gravitas, Teleport Other and
                  | Dispersal to your library.
  1547 | D:2      | You pick up a book of the Hunter and begin reading...
  1547 | D:2      | You add the spells Call Canine Familiar, Portal Projectile
                  | and Leda's Liquefaction to your library.
  1742 | D:2      | Found Qyjunoups's Magic Scroll Boutique.
  1755 | D:2      | Bought a scroll of identify for 24 gold pieces
  1932 | D:2      | Reached skill level 4 in Unarmed Combat
  2065 | D:2      | Reached XP level 4. HP: 37/37 MP: 6/6
  2466 | D:3      | You fall into a shaft and drop 1 floor!
  2480 | D:5      | Entered Level 5 of the Dungeon
  2551 | D:5      | Found a sand-covered staircase.
  2559 | Ossuary  | Entered an ossuary
  2958 | Ossuary  | Reached skill level 5 in Unarmed Combat
  2958 | Ossuary  | Reached XP level 5. HP: 36/42 MP: 7/7
  2966 | Ossuary  | HP: 6/42 [mummy (5)]
  2974 | Ossuary  | HP: 7/63 [mummy (4)]
  2982 | Ossuary  | HP: 6/63 [hobgoblin zombie (2)]
  2989 | Ossuary  | HP: 6/63 [kobold zombie (1)]
  2992 | Ossuary  | Reached skill level 6 in Unarmed Combat
  2995 | Ossuary  | HP: 4/63 [human zombie (3)]
  2998 | Ossuary  | Reached XP level 6. HP: 5/50 MP: 8/8
  2998 | Ossuary  | Slain by a human zombie

Vanquished Creatures
  An elf zombie (Ossuary)
  2 centaur zombies (Ossuary)
  A human zombie (Ossuary)
  3 mummies
  4 adders
  An adder zombie (Ossuary)
  A worm (D:3)
  2 dart slugs
  3 orcs (D:3)
  10 bats
  4 endoplasms
  3 giant cockroaches
  5 hobgoblins
  7 jackals
  4 quokkas
  4 ball pythons
  3 frilled lizards
  4 goblins
  A goblin zombie (Ossuary)
  12 hobgoblin zombies
  A jackal zombie (Ossuary)
  6 kobolds
  12 kobold zombies (Ossuary)
  5 orc zombies (Ossuary)
  6 rats
105 creatures vanquished.

Table legend:
 A = Non-vault XP
 B = Vault XP
 C = Vault XP percentage of total XP
 D = Non-vault monster count
 E = Vault monster count
 F = Vault count percentage of total count
                 A         B        C        D         E       F
            +---------+---------+-------+---------+---------+-------
      Total |     146 |     332 |  69.5 |      62 |      43 |  41.0
            +---------+---------+-------+---------+---------+-------
        D:1 |      45 |       0 |   0.0 |      29 |       0 |   0.0
        D:2 |      55 |      18 |  24.7 |      17 |       4 |  19.0
        D:3 |      42 |       0 |   0.0 |      14 |       0 |   0.0
        D:5 |       4 |      19 |  82.6 |       2 |       2 |  50.0
    Ossuary |       0 |     295 | 100.0 |       0 |      37 | 100.0
            +---------+---------+-------+---------+---------+-------

Illustrated notes

Table legend:
 A = Kills in this place as a percentage of kills in entire the game.
 B = Kills by you in this place as a percentage of kills by you in the entire game.
 C = Kills by friends in this place as a percentage of kills by friends in the entire game.
 D = Other kills in this place as a percentage of other kills in the entire game.
 E = Experience gained in this place as a percentage of experience gained in the entire game.
 F = Experience gained in this place divided by the number of levels of this place that you have seen.
                   A       B       C       D       E      F
               +-------+-------+-------+-------+-------+----------------------
         Total | 100.0 | 100.0 |   N/A |   N/A | 100.0 |  79.7
       Dungeon |  64.8 |  64.8 |   N/A |   N/A |  38.3 |  36.6
       Ossuary |  35.2 |  35.2 |   N/A |   N/A |  61.7 | 295.0
               +-------+-------+-------+-------+-------+----------------------

Table legend: (Time is in decaauts)
 A = Elapsed time spent in this place.
 B = Non-inter-level travel time spent in this place.
 C = Inter-level travel time spent in this place.
 D = Time resting spent in this place.
 E = Time spent auto-exploring this place.
 F = Levels seen in this place.
 G = Mean time per level.
                   A        B        C        D        E       F      G
               +--------+--------+--------+--------+--------+-----+--------+
         Total |   3012 |   2964 |     48 |    244 |   2004 |   6 |  502.0 |
       Dungeon |   2567 |   2519 |     48 |    121 |   1883 |   5 |  513.4 |
       Ossuary |    444 |    444 |      0 |    123 |    121 |   1 |  444.0 |
               +--------+--------+--------+--------+--------+-----+--------+

Top non-repeatable levels by time:
     D:1: 1381 daAuts
     D:2: 797 daAuts
 Ossuary: 444 daAuts
     D:3: 297 daAuts
     D:5: 78 daAuts
     D:4: 13 daAuts
